 Dungeon Crawl Stone Soup version 0.22.1-1-ga44c0e56f4 (webtiles) character file.

158 Knicklaso the Conjurer (level 5, -5/35 HPs)
             Began as a Demonspawn Wizard on Sept 27, 2018.
             Was an Initiate of Ru.
             Slain by a gnoll
             ... wielding a +0 spear
              (9 damage)
             ... on level 3 of the Dungeon.
             The game lasted 00:10:58 (3188 turns).

Knicklaso the Conjurer (Demonspawn Wizard)          Turns: 3188, Time: 00:10:59

Health: -5/35      AC:  2    Str:  7    XL:     5   Next: 16%
Magic:  6/11       EV: 17    Int: 20    God:    Ru [......]
Gold:   118        SH:  0    Dex: 17    Spells: 9/12 levels left

rFire    . . .     SeeInvis .   a - +0 whip
rCold    . . .     Gourm    .   (no shield)
rNeg     . . .     Faith    .   g - +0 robe
rPois    .         Spirit   .   b - +0 hat
rElec    .         Reflect  .   (no cloak)
rCorr    .         Harm     .   (no gloves)
MR       .....                  (boots unavailable)
Stlth    +++.......             (no amulet)
HPRegen  0.11/turn              (no ring)
MPRegen  0.12/turn              (no ring)

@: agile, flying, very slightly contaminated
A: hooves 3, powered by pain 1
a: Renounce Religion


You were on level 3 of the Dungeon.
You worshipped Ru.
Ru was noncommittal.
You were not hungry.

You visited 1 branch of the dungeon, and saw 3 of its levels.

You collected 118 gold pieces.

Inventory:

Hand Weapons
 a - a +0 whip (weapon)
 j - a +0 spear of venom
Missiles
 f - 23 sling bullets
Armour
 b - a +0 hat (worn)
 g - a +0 robe (worn)
Jewellery
 h - a cursed ring of teleportation {unknown}
Scrolls
 c - 2 scrolls of blinking {unknown}
 i - 3 scrolls of identify {unknown}
 k - 3 scrolls of fear {unknown}
 p - a scroll of enchant armour {unknown}
 q - a scroll of teleportation {unknown}
 r - a scroll of enchant weapon {unknown}
 s - a scroll of amnesia {unknown}
 t - 2 scrolls of remove curse {unknown}
Potions
 e - 2 potions of degeneration {unknown}
 l - a potion of heal wounds {unknown}
 m - 2 potions of haste
 n - a potion of curing {unknown}
 o - 2 potions of flight
 u - a potion of berserk rage {unknown}
Comestibles
 d - 4 rations
 v - 4 chunks of flesh


   Skills:
 - Level 1.7 Dodging
 - Level 1.7 Stealth
 + Level 4.0 Spellcasting
 * Level 4.2 Conjurations
 - Level 1.0 Summonings
   Level 0.8 Translocations


You had 9 spell levels left.
You knew the following spells:

 Your Spells              Type           Power        Failure   Level  Hunger
a - Magic Dart            Conj           ###.         2%          1    None
b - Call Imp              Summ           #.......     13%         2    #......

Your spell library contained the following spells:

 Spells                   Type           Power        Failure   Level  Hunger
 Blink                    Tloc           N/A          14%         2    #......
 Conjure Flame            Conj/Fire      ##......     16%         3    ###....
 Slow                     Hex            #.......     19%         2    #......
 Mephitic Cloud           Conj/Pois/Air  #.......     22%         3    ###....


Dungeon Overview and Level Annotations

Branches:
Dungeon (3/15)

Altars:
Ru

Annotations:
D:3 Grinder


Innate Abilities, Weirdness & Mutations

You have hooves in place of feet.
You sometimes gain a little power by taking damage.


Message History

You feel agile all of a sudden.
Things that are here:
a flail; a gnoll corpse The gnoll completely misses you.
It was a potion of flight.
You feel very buoyant.
You fly up into the air.
Your crimson imp blinks!
The gnoll hits you with a spear.
* * * LOW HITPOINT WARNING * * *
Casting: Call Imp (safe; 13% risk of failure)
Confirm with . or Enter, or press ? or * to list all spells.
Aiming: Magic Dart (safe; 2% risk of failure)
Press: ? - help, Shift-Dir - straight line, f - gnoll
Aim: a gnoll, wielding a spear The magic dart hits the gnoll.
The gnoll is moderately wounded.
Your crimson imp hits the gnoll but does no damage.
The gnoll hits you with a spear!
You die...

#.#.# #.# #.#.# #.# #.#.# #.#
####.#.# #######.# ..#.#.#
#.......#
#.#.#.########.################
#.#>...........................
#...#.########ยง################
#####.#.#.....5g@#
....#.#.#.######.#
###.#.#.#......##################
#.#.........g..(.(5........5...
#.#.#.#......#.######....###...
#.#.#.#.)#.#.#.# #.+#######'
#.#.# #.....<#.# #.#...#...#
#...# #........# #.#...#...#
##### #.......)# ###.......#


You could see a gnoll and a friendly crimson imp.

Vanquished Creatures
  An orc wizard (D:3)
  An adder (D:3)
  A gnoll (D:3)
  An ooze (D:2)
  2 worms (D:2)
  3 leopard geckos
  A giant cockroach (D:3)
  5 goblins (D:1)
  6 hobgoblins
  3 jackals
  A quokka (D:2)
  7 bats
  5 frilled lizards
  7 kobolds
  8 rats
52 creatures vanquished.

Vanquished Creatures (collateral kills)
  A hound (D:3)
  A gnoll (D:3)
  2 adders (D:2)
  A goblin (D:2)
  4 jackals
  A kobold (D:2)
  A frilled lizard (D:2)
11 creatures vanquished.

Grand Total: 63 creatures vanquished

Notes
Turn   | Place    | Note
-------+----------+-------------------------------------------
     0 | D:1      | Knicklaso the Demonspawn Wizard began the quest for the
                  | Orb.
     0 | D:1      | Reached XP level 1. HP: 13/13 MP: 4/4
   296 | D:1      | Gained mutation: You have large cloven feet. [demonic
                  | ancestry]
   296 | D:1      | Reached XP level 2. HP: 4/19 MP: 0/6
  1277 | D:2      | Gained mutation: You have hoof-like feet. [demonic
                  | ancestry]
  1277 | D:2      | Reached XP level 3. HP: 24/24 MP: 0/7
  1348 | D:2      | Learned a level 2 spell: Call Imp
  2504 | D:3      | Gained mutation: You have hooves in place of feet. [demonic
                  | ancestry]
  2504 | D:3      | Reached XP level 4. HP: 18/30 MP: 1/9
  2857 | D:3      | Found a sacrificial altar of Ru.
  2891 | D:3      | Became a worshipper of Ru the Awakened
  2910 | D:3      | Gained mutation: You sometimes gain a little power by
                  | taking damage. [demonic ancestry]
  2910 | D:3      | Reached XP level 5. HP: 26/35 MP: 1/10
  3010 | D:3      | Noticed Grinder
  3188 | D:3      | Slain by a gnoll

Skill      XL: |  1  2  3  4  5 |
---------------+----------------+-----
Conjurations   | 2 3 4 |  4.2
Spellcasting   | 4 |  4.0
Dodging        | |  1.7
Stealth        | |  1.7
Summonings     | |  1.0
Translocations | |  0.8

Action                   |  1- 3 |  4- 6 || total
-------------------------+-------+-------++-------
Melee: Unarmed           |     7 |       ||     7
       Club              |     6 |       ||     6
       Whip              |    40 |    11 ||    51
       Kick              |     4 |     5 ||     9
 Cast: Magic Dart        |    91 |    29 ||   120
       Call Imp          |     9 |     8 ||    17
  Use: Potion            |       |     1 ||     1
 Stab: Paralysed         |       |     1 ||     1
  Eat: Chunk             |     4 |     3 ||     7
Armor: Robe              |    11 |     2 ||    13
Dodge: Dodged            |    52 |     9 ||    61
